 Dungeon Crawl Stone Soup version 0.32-a0-981-g384da2ce10 (webtiles) character file.

Game seed: 6502504571170343633

11235 protoss039 the Covert (level 11, -3/58 HPs)
             Began as a Spriggan Enchanter on Apr 20, 2024.
             Was a High Priest of Dithmenos.
             Slain by a harpy simulacrum (6 damage)
             ... in an ice cave.
             The game lasted 00:47:56 (11320 turns).

protoss039 the Covert (Spriggan Enchanter)         Turns: 11320, Time: 00:47:57

Health: -3/58      AC:  3    Str:  4    XL:     11   Next: 46%
Magic:  26/29      EV: 28    Int: 17    God:    Dithmenos [*****.]
Gold:   672        SH:  0    Dex: 20    Spells: 5/26 levels left

rFire   x . .        N - +2 dagger (venom)
rCold   + . .        (no shield)
rNeg    . . .        b - +0 robe
rPois   .            (helmet restricted)
rElec   .            F - +0 cloak
rCorr   .            (gloves unavailable)
SInv    +            (boots unavailable)
Will    +....        y
                       - Hermit's Pendant {Faith Invo=14 Evo=0 MP+5}
Stlth   ++++++++     h - ring of ice
HPRegen 0.29/turn    l - +5 ring of evasion
MPRegen 0.21/turn

%: faith
@: wreathed by umbra, very quick
A: very small, no large weapons, unfitting armour, see invisible, speed 3
a: Renounce Religion, Shadow Step, Shadow Form


You were in an ice cave.
You worshipped Dithmenos.
Dithmenos was extremely pleased with you.
You visited 1 branch of the dungeon, and saw 11 of its levels.
You also visited: Ice Cave.

You collected 724 gold pieces.
You spent 52 gold pieces at shops.

Inventory:

Hand Weapons
 A - a +0 hand axe of electrocution
 J - a +2 hand axe of freezing
 N - a +2 dagger of venom (weapon)
 V - a +0 hand cannon of freezing
Missiles
 g - 33 poisoned darts (quivered)
 B - 5 throwing nets
 D - 5 atropa-tipped darts
Armour
 b - a +0 robe (worn)
 F - a +0 cloak (worn)
 K - an orb of energy
Magical Staves
 i - a staff of cold
Jewellery
 h - a ring of ice (left hand)
 j - an amulet of regeneration
 l - a +5 ring of evasion (right hand)
 x - an amulet of reflection
 y - the Hermit's Pendant (around neck) {Faith Invo=14 Evo=0 MP+5}
   (You found it on level 4 of the Dungeon)

   [amulet of faith]

   Invo=14: It sets your Invocations skill to 14.
   Evo=0: It sets your Evocations skill to 0.
   Faith:     It allows you to gain divine favour quickly.
   MP+5:      It affects your magic capacity (+5).
 I - a ring of resist corrosion
 L - a +4 ring of protection
 S - a +4 ring of protection
Wands
 q - a wand of mindburst (20)
 r - a wand of digging (9)
 C - a wand of polymorph (5)
 E - a wand of paralysis (12)
Scrolls
 a - 4 scrolls of fog
 d - 2 scrolls of identify
 f - 3 scrolls of teleportation {unknown}
 k - 5 scrolls of enchant armour
 m - 3 scrolls of fear
 p - a scroll of enchant weapon {unknown}
 s - 3 scrolls of amnesia
 u - 4 scrolls of poison
 G - 2 scrolls of noise
 H - a scroll of revelation
 M - a scroll of summoning {unknown}
 O - a scroll of vulnerability {unknown}
Potions
 c - 2 potions of invisibility
 e - a potion of resistance {unknown}
 n - a potion of cancellation {unknown}
 o - 2 potions of brilliance {unknown}
 t - 4 potions of haste
 v - 4 potions of curing
 w - 2 potions of mutation {unknown}
 z - 3 potions of heal wounds
 P - a potion of degeneration {unknown}
 Q - a potion of berserk rage {unknown}
 R - a potion of attraction {unknown}
 T - a potion of might {unknown}
 U - 2 potions of magic {unknown}


   Skills:
 * Level 7.4 Fighting
 + Level 6.2 Short Blades
 + Level 5.7 Throwing
 + Level 9.0 Dodging
 + Level 11.0 Stealth
 + Level 8.2 Spellcasting
 * Level 8.6 Hexes
 + Level 2.2 Necromancy
 + Level 1.3 Alchemy
 - Level 0.1(14.0) Invocations
 - Level 3.9(0.0) Evocations


You had 5 spell levels left.
You knew the following spells:

 Your Spells              Type           Power      Damage    Failure   Level
a - Ensorcelled Hibernat  Hex/Ice        64%        N/A       2%          2
b - Confusing Touch       Hex            36%        N/A       1%          3
c - Tukima's Dance        Hex            36%        N/A       1%          3
d - Dazzling Flash        Conj/Hex       42%        N/A       5%          3
e - Anguish               Hex/Necr       12%        N/A       11%         4
f - Vampiric Draining     Necr           14%        2d7       12%         3
g - Mephitic Cloud        Conj/Alch/Air  8%         N/A       26%         3

Your spell library contained the following spells:

 Spells                   Type           Power      Damage    Failure   Level
 Slow                     Hex            100%       N/A       1%          1
 Jinxbite                 Hex            72%        N/A       1%          2
 Sting                    Conj/Alch      36%        1d5       8%          1
 Mercury Vapours          Alch/Air       18%        N/A       12%         2
 Fugue of the Fallen      Necr           14%        N/A       12%         3
 Volatile Blastmotes      Fire/Tloc      14%        2d11      30%         3
 Yara's Violent Unravell  Hex/Alch       12%        3d7       36%         5
 Silence                  Hex/Air        10%        N/A       43%         5
 Olgreb's Toxic Radiance  Alch           11%        N/A       50%         4
 Vhi's Electric Charge    Tloc/Air       14%        N/A       71%         4
 Enfeeble                 Hex            18%        N/A       94%         7
 Gell's Gavotte           Tloc           3%         2d(13-19) 100%        6


Dungeon Overview and Level Annotations

Branches:
Dungeon (12/15) Zot: 26762  Temple (0/1) D:5            Lair (0/5) D:10
    Orc (0/2) D:12          IceCv (1/1) Zot: 5347

Altars:
Cheibriados
Dithmenos
Gozag
Kikubaaqudgha
Makhleb
Nemelex Xobeh
Qazlal
Ru
Sif Muna
Trog
Uskayaw
Wu Jian
Yredelemnul
The Shining One

Shops:
D:2 !   D:3 ?   D:9 (

Annotations:
IceCv exclusion: 3 ice statues


Innate Abilities, Weirdness & Mutations

You are very small and have problems with some larger weapons.
You are too small for most types of armour.
You have supernaturally acute eyesight. (SInv)
You cover ground extremely quickly. (Speed+++)


Message History

The harpy simulacrum closely misses you.
The ice beast completely misses you. x2
You hit the ice beast but do no damage.
The ice beast appears confused.
The harpy simulacrum completely misses you.
The harpy simulacrum misses you. x2; The harpy simulacrum claws you.
The harpy simulacrum freezes you! You resist. The ice beast misses you.
The ice beast closely misses the harpy simulacrum.
You hit the ice beast.
The ice beast is lightly wounded.
The harpy simulacrum completely misses you. x2
You barely miss the ice beast.
The ice beast is lightly wounded.
The harpy simulacrum misses you.
The harpy simulacrum completely misses you.
The ice beast completely misses you. The harpy simulacrum claws you!
The harpy simulacrum freezes you. You resist.
* * * LOW HITPOINT WARNING * * *
The harpy simulacrum claws you.
* * * LOW HITPOINT WARNING * * *
The harpy simulacrum freezes you. You resist.
* * * LOW HITPOINT WARNING * * *
Unknown command.
Unknown command.
You feel much better.
The harpy simulacrum completely misses you.
The harpy simulacrum closely misses you.
The harpy simulacrum completely misses you. x2
The ice beast misses you.
Unknown command.
You strike the helpless ice beast from behind!
You spit the ice beast like a pig!!!
You kill the ice beast!
The ice beast disappears in a puff of smoke!
The harpy simulacrum misses you. The harpy simulacrum claws you!
The harpy simulacrum freezes you! You resist.
* * * LOW HITPOINT WARNING * * *
The harpy simulacrum misses you. The harpy simulacrum claws you!
* * * LOW HITPOINT WARNING * * *
The harpy simulacrum freezes you. You resist.
You die...

######## #######
)#I....## ##..[Y@#
.#......###....§Z#
.#.......#.......#
........YI..†....#
.#......Y#.......#
.#...Y..###.....(#
.#I....## ##..[.[#
######## #######


You could see an ice statue, an ice beast (summoned) and a harpy simulacrum.

Vanquished Creatures
  A two-headed ogre (D:9)
  An ugly thing (IceCv)
  A manticore (D:12)
  Maggie (D:7)
  A freezing wraith (IceCv)
  2 ice devils (D:12)
  2 trolls
  A hornet (D:10)
  Prince Ribbit (D:5)
  2 wraiths
  A vampire (D:10)
  2 wyverns
  8 yaks (D:10)
  A dire elephant simulacrum (IceCv)
  A death yak simulacrum (IceCv)
  Duvessa (D:4)
  A water moccasin (D:5)
  5 orc warriors
  2 ice beasts (D:8)
  2 sky beasts
  An ogre (D:5)
  2 wolves (D:10)
  2 centaurs
  A gnoll sergeant (D:6)
  2 kobold brigands
  3 bullfrogs
  A scorpion (D:5)
  8 wights
  Dowan (D:4)
  2 elephant simulacra (IceCv)
  15 killer bees (D:9)
  An electric eel (D:10)
  4 howler monkeys
  9 hounds
  A bombardier beetle (D:7)
  7 orc priests
  7 iguanas
  9 orc wizards
  A polar bear simulacrum (IceCv)
  2 wolf simulacra (IceCv)
  9 gnolls
  6 adders
  2 white imps
  A ribbon worm (D:4)
  2 dart slugs
  64 orcs
  3 bats
  2 bat zombies (D:3)
  3 endoplasms
  4 giant cockroaches
  4 goblins
  10 hobgoblins
  4 jackals (D:2)
  12 kobolds
  A quokka (D:1)
  5 ball pythons
  4 frilled lizards
  4 rats
256 creatures vanquished.

Vanquished Creatures (collateral kills)
  A two-headed ogre (D:10)
  Jeremiah (D:6)
  Edmund (D:4)
  An orc warrior (D:8)
  3 wights
  2 gnolls (D:6)
  2 orcs (D:7)
11 creatures vanquished.

Vanquished Creatures (others)
  6 dancing weapons
  2 electric eels (D:10)
  An orc priest (D:10)
  An orc (D:10)
10 creatures vanquished.

Grand Total: 277 creatures vanquished

Notes
Turn   | Place    | Note
-------+----------+-------------------------------------------
     0 | D:1      | protoss039 the Spriggan Enchanter began the quest for the
                  | Orb.
     0 | D:1      | Reached XP level 1. HP: 9/9 MP: 5/5
   203 | D:1      | Reached XP level 2. HP: 13/13 MP: 6/6
   225 | D:1      | Learned a level 2 spell: Ensorcelled Hibernation
   837 | D:1      | Reached XP level 3. HP: 17/17 MP: 5/8
  1122 | D:1      | Learned a level 3 spell: Confusing Touch
  1207 | D:2      | Found Jyrupnul's Distillery.
  1320 | D:2      | Reached skill level 5 in Stealth
  1970 | D:3      | Learned a level 3 spell: Tukima's Dance
  2025 | D:3      | Found a glowing golden altar of the Shining One.
  2064 | D:3      | Found a sparkling altar of Nemelex Xobeh.
  2069 | D:3      | Found a bloodstained altar of Trog.
  2114 | D:3      | Reached skill level 1 in Fighting
  2245 | D:3      | Found Zita's Magic Scroll Shop.
  2255 | D:3      | Bought a scroll of identify for 26 gold pieces
  2255 | D:3      | Bought a scroll of identify for 26 gold pieces
  2386 | D:3      | Found an ancient bone altar of Kikubaaqudgha.
  2391 | D:3      | Reached XP level 4. HP: 22/22 MP: 5/9
  2719 | D:4      | Reached XP level 5. HP: 25/25 MP: 7/11
  2796 | D:4      | Noticed Duvessa
  2800 | D:4      | Noticed Edmund
  2837 | D:4      | Found a basalt altar of Yredelemnul.
  2873 | D:4      | Found a shadowy altar of Dithmenos.
  2924 | D:4      | Became a worshipper of Dithmenos the Shadowed
  2993 | D:4      | Found the Hermit's Pendant {Faith Invo=14 Evo=0 MP+5}
  3002 | D:4      | Found a sacrificial altar of Ru.
  3102 | D:4      | Killed Edmund
  3103 | D:4      | Reached skill level 6 in Stealth
  3103 | D:4      | Reached XP level 6. HP: 30/30 MP: 13/17
  3191 | D:4      | Found an ornate altar of the Wu Jian Council.
  3350 | D:4      | Found a snail-covered altar of Cheibriados.
  3476 | D:4      | Noticed Dowan
  3519 | D:4      | Killed Duvessa
  3532 | D:4      | Killed Dowan
  3533 | D:4      | Reached skill level 5 in Hexes
  3780 | D:5      | Entered Level 5 of the Dungeon
  3871 | D:5      | Reached XP level 7. HP: 35/35 MP: 15/18
  3976 | D:5      | Reached * piety under Dithmenos
  3985 | D:5      | Reached skill level 5 in Dodging
  3990 | D:5      | Reached skill level 1 in Throwing
  4096 | D:5      | Reached skill level 7 in Stealth
  4108 | D:5      | Found a staircase to the Ecumenical Temple.
  4124 | D:5      | Reached XP level 8. HP: 40/40 MP: 19/19
  4311 | D:5      | Noticed Prince Ribbit
  4321 | D:5      | Killed Prince Ribbit
  4322 | D:5      | Reached skill level 5 in Spellcasting
  4661 | D:6      | Reached skill level 5 in Short Blades
  4903 | D:6      | Reached ** piety under Dithmenos
  4963 | D:6      | Noticed Jeremiah
  4975 | D:6      | Killed Jeremiah
  4976 | D:6      | Reached skill level 8 in Stealth
  4976 | D:6      | Reached XP level 9. HP: 46/46 MP: 20/20
  5717 | D:7      | Noticed Maggie
  5733 | D:7      | Killed Maggie
  5734 | D:7      | Reached skill level 5 in Fighting
  6104 | D:7      | Reached *** piety under Dithmenos
  6111 | D:7      | Reached skill level 9 in Stealth
  6230 | D:7      | Found a stormy altar of Qazlal.
  6605 | D:7      | Found a burning altar of Makhleb.
  6679 | D:7      | Found a hide-covered altar of Uskayaw.
  7262 | D:8      | Reached XP level 10. HP: 53/53 MP: 21/21
  7298 | D:8      | Reached **** piety under Dithmenos
  7354 | D:8      | Learned a level 3 spell: Dazzling Flash
  7644 | D:8      | Found an opulent altar of Gozag.
  7768 | D:8      | Found a shimmering blue altar of Sif Muna.
  8172 | D:9      | Reached skill level 1 in Evocations
  8230 | D:9      | Found Udesm's Weapon Boutique.
  8440 | D:9      | Noticed a two-headed ogre
  8455 | D:9      | Killed a two-headed ogre
  8456 | D:9      | Reached skill level 10 in Stealth
  8813 | D:9      | Reached ***** piety under Dithmenos
  8814 | D:9      | Reached skill level 5 in Throwing
  8922 | D:9      | Learned a level 4 spell: Anguish
  8923 | D:10     | Entered Level 10 of the Dungeon
  9022 | D:10     | Found a staircase to the Lair.
  9026 | D:10     | Noticed a two-headed ogre
  9069 | D:10     | Reached skill level 1 in Necromancy
  9160 | D:10     | Killed a two-headed ogre
  9169 | D:10     | Reached XP level 11. HP: 6/58 MP: 14/23
 10133 | D:10     | Learned a level 3 spell: Mephitic Cloud
 10243 | D:10     | You fall into a shaft and drop 2 floors!
 10308 | D:12     | Found a staircase to the Orcish Mines.
 10343 | D:12     | Found a frozen archway.
 10542 | D:12     | Learned a level 3 spell: Vampiric Draining
 10543 | IceCv    | Entered an ice cave
 10577 | IceCv    | Reached skill level 1 in Alchemy
 11296 | IceCv    | Noticed a white ugly thing
 11298 | IceCv    | Killed a white ugly thing
 11299 | IceCv    | Reached skill level 11 in Stealth
 11305 | IceCv    | Identified the +13 plate armour of Zin's Esteem {rN+ Str-2
                  | Dex+8}
 11320 | IceCv    | Slain by a harpy simulacrum

Illustrated notes

Levels and vault maps discovered:
D:1:      dpeg_arrival_three_same_balls, layout_basic
D:2:      layout_loops_corners, serial_shops, nicolae_diamond_shop
D:3:      layout_rooms, overflow_temple_1_default,
          lemuel_zombie_altar_kikubaaqudgha, minitemple, serial_shops,
          nicolae_shop_just_a_little_nook
D:4:      layout_loops_ring, nicolae_ru_path_of_blood,
          mainiacjoe_overflow_surrounded_room, yredelemnul_altar_generic,
          cheibrodos_worm_habitat, pdpol_wu_jian_five_deadly_venoms,
          st_stairs_14, uniq_duvessa, uniq_edmund
D:5:      layout_gridville, minmay_temple_entry_mist, uniq_prince_ribbit1
D:6:      layout_basic, uniq_jeremiah
D:7:      layout_basic, mainiacjoe_overflow_alcove_2,
          mainiacjoe_overflow_alcove_4, mainiacjoe_overflow_cross_hatched,
          st_stairs_5, uniq_maggie
D:8:      hellmonk_crumbling_castle, layout_basic,
          mainiacjoe_overflow_six_doors_small, lemuel_blue_sif_altar
D:9:      layout_loops_ring, serial_shops, shop
D:10:     layout_roguey, nicolae_overflow_crystal_walls, erik_lair_island,
          special_room [special_room_orc]
D:12:     layout_loops_ring, orc_0_dummy, portal_ice_cave_demonic_guard,
          minmay_shop_grid_forest, fedhas_altar_1
IceCv:    ice_cave_statue_garden_chambered

Skill      XL: |  1  2  3  4  5  6  7  8  9 10 11 |
---------------+----------------------------------+-----
Dodging        | 3 4 5 6 7 8 9 |  9.0
Spellcasting   | 3 4 5 6 7 8 |  8.2
Stealth        | 5 6 7 8 9 10 11 | 11.0
Hexes          | 4 5 6 7 8 |  8.6
Fighting       | 1 2 3 4 6 7 |  7.4
Short Blades   | 2 3 4 5 6 |  6.2
Throwing       | 1 2 4 5 |  5.7
Evocations     | 3 |  3.9
Necromancy     | 1 2 |  2.2
Alchemy        | 1 |  1.3
Invocations    | |  0.1

Action                     |  1- 3 |  4- 6 |  7- 9 | 10-12 || total
---------------------------+-------+-------+-------+-------++-------
  Melee: Dagger            |    78 |       |   120 |   438 ||   636
         Short sword       |    19 |    84 |    69 |       ||   172
         Hand axe          |       |       |       |     4 ||     4
         Staff             |       |       |       |     3 ||     3
  Throw: Stone             |     1 |       |       |     2 ||     3
   Cast: Ensorcelled Hiber |    19 |    27 |    71 |    57 ||   174
         Confusing Touch   |     1 |     6 |    14 |    23 ||    44
         Tukima's Dance    |       |     2 |    15 |     5 ||    22
         Dazzling Flash    |       |       |       |     4 ||     4
         Anguish           |       |       |       |    10 ||    10
         Vampiric Draining |       |       |       |     1 ||     1
 Invoke: Shadow Step       |       |       |       |     1 ||     1
  Evoke: Wand              |       |       |       |     2 ||     2
    Use: Scroll            |       |     1 |     4 |     7 ||    12
         Potion            |       |       |       |     1 ||     1
   Stab: Sleeping          |    28 |    18 |    63 |    50 ||   159
         Confused          |       |     6 |    14 |    22 ||    42
         Distracted        |       |     1 |       |     1 ||     2
         Paralysed         |       |       |       |     2 ||     2
 Armour: Robe              |    19 |     9 |    19 |    85 ||   132
  Dodge: Dodged            |    75 |    54 |   141 |   429 ||   699

Table legend: (Time is in decaauts)
 A = Elapsed time spent in this place.
 B = Non-inter-level travel time spent in this place.
 C = Inter-level travel time spent in this place.
 D = Time resting spent in this place.
 E = Time spent auto-exploring this place.
 F = Levels seen in this place.
 G = Mean time per level.
                   A        B        C        D        E       F      G
               +--------+--------+--------+--------+--------+-----+--------+
         Total |   8529 |   8321 |    208 |   1596 |   4617 |  12 |  710.8 |
       Dungeon |   7877 |   7669 |    208 |   1208 |   4617 |  11 |  716.1 |
      Ice Cave |    651 |    651 |      0 |    387 |      0 |   1 |  651.0 |
               +--------+--------+--------+--------+--------+-----+--------+

Top non-repeatable levels by time:
    D:10: 1106 daAuts
     D:7: 872 daAuts
     D:6: 857 daAuts
     D:4: 840 daAuts
     D:1: 827 daAuts
     D:8: 756 daAuts
     D:9: 729 daAuts
   IceCv: 651 daAuts
     D:5: 582 daAuts
     D:2: 535 daAuts
     D:3: 531 daAuts
    D:12: 237 daAuts
